 Dungeon Crawl Stone Soup version 0.30-a0-845-g7c6808c8ce (webtiles) character file.

Game seed: 10157406230319147706

137 gelatine the Chopper (level 5, -5/58 HPs)
             Began as a Demonspawn Gladiator on Mar 3, 2023.
             Slain by an orc
             ... wielding a +2 short sword of venom
              (8 damage)
             ... on level 3 of the Dungeon.
             The game lasted 00:04:04 (2089 turns).

gelatine the Chopper (Demonspawn Gladiator)         Turns: 2089, Time: 00:04:04

Health: -5/58      AC:  4    Str: 15    XL:     5   Next: 0%
Magic:  6/6        EV: 12    Int: 11    God:
Gold:   61         SH:  0    Dex: 14    Spells: 5/5 levels left

rFire   . . .      SeeInvis .    a - +0 war axe
rCold   . . .      Faith    .    (no shield)
rNeg    . . .      Spirit   .    b - +0 leather armour
rPois   .          Reflect  .    c - +0 helmet
rElec   .          Rampage  .    (no cloak)
rCorr   .                        (no gloves)
Will    .....                    (no boots) Stlth
                                 (no amulet)
HPRegen 0.29/turn                (no ring)
MPRegen 0.10/turn                (no ring)

@: berserking, lethally poisoned (-5 -> -22), very quick
A: ignite blood 2
a: no special abilities


You were on level 3 of the Dungeon.
You visited 1 branch of the dungeon, and saw 3 of its levels.

You collected 61 gold pieces.

Inventory:

Hand Weapons
 a - a +0 war axe (weapon)
Missiles
 d - 3 throwing nets (quivered)
 e - a javelin
Armour
 b - a +0 leather armour (worn)
 c - a +0 helmet (worn)
Scrolls
 f - a scroll of amnesia {unknown}
 g - 4 scrolls of identify {unknown}
 i - a scroll of teleportation {unknown}
 m - a scroll of fog {unknown}
 n - a scroll of immolation {unknown}
Potions
 h - a potion of might
 j - a potion of berserk rage
 k - a potion of curing {unknown}
 l - a potion of heal wounds {unknown}


   Skills:
 * Level 2.5 Fighting
 * Level 4.0 Axes
 + Level 1.8 Throwing
 * Level 1.5 Armour
 * Level 3.1 Dodging
 + Level 0.2 Stealth
 * Level 0.9 Spellcasting


You had 5 spell levels left.
You didn't know any spells.
Your spell library contained the following spells:

 Spells                   Type           Power      Damage    Failure   Level
 Sandblast                Erth           0%         2d4       38%         1
 Passwall                 Tmut/Erth      0%         N/A       52%         2
 Stone Arrow              Conj/Erth      0%         3d7       77%         3


Dungeon Overview and Level Annotations

Branches:
Dungeon (3/15)

Altars:


Innate Abilities, Weirdness & Mutations

Your demonic aura often causes spilled blood to erupt in flames.


Message History

You closely miss something. Something hits you.
You hit something but do no damage. Something hits you.
You miss something. Something hits you.
The orc drinks a potion.
The orc seems to grow stronger.
Something hits you.
You barely miss something. Something hits you but does no damage.
You hit something but do no damage. Something hits you but does no damage.
You barely miss something. Something hits you but does no damage.
Something barely misses you.
You completely miss something.
You hear some strange, mumbled words.
A magic dart appears from out of thin air!
The magic dart hits you.
You hit something. Something hits you.
You closely miss something.
You hear some strange, mumbled words.
A magic dart appears from out of thin air!
The magic dart hits you! Something hits you.
* * * LOW HITPOINT WARNING * * *
You slash something!
Reactivating autopickup.
You feel a bit more experienced.
Your life force feels restored.
Your Axes skill increases to level 4!
You have reached level 5!
Your demonic ancestry asserts itself...
Your blood runs red-hot!
You barely miss the orc. The orc hits you but does no damage.
You are poisoned.
It was a potion of berserk rage.
A red film seems to cover your vision as you go berserk!
You feel yourself moving faster!
You feel mighty!
You feel sick.
The orc hits you with a +2 short sword of venom!
* * * LOW HITPOINT WARNING * * *
You are lethally poisoned!
You hit the orc.
The orc is severely wounded.
* * * LOW HITPOINT WARNING * * *
You feel very sick.
The orc hits you with a +2 short sword of venom!
You die...

### ..#
#.# #o#
#@# #.#
#.# #
##.## #
####...#
#
#......#
#
#.##...#
#
#.#######
####
#.......#
.#


You could see an orc (strong).

Vanquished Creatures
  A hound (D:3)
  An orc wizard (D:3)
  An adder (D:2)
  An orc (D:3)
  7 ball pythons
  8 endoplasms
  7 giant cockroaches
  2 goblins
  5 hobgoblins
  9 jackals
  3 kobolds
  A quokka (D:1)
  8 bats
  3 frilled lizards
  8 rats
65 creatures vanquished.

Notes
Turn   | Place    | Note
-------+----------+-------------------------------------------
     0 | D:1      | gelatine the Demonspawn Gladiator began the quest for the
                  | Orb.
     0 | D:1      | Reached XP level 1. HP: 16/16 MP: 1/1
    20 | D:1      | You fall into a shaft and drop 1 floor!
    40 | D:2      | Gained mutation: Your demonic aura sometimes causes spilled
                  | blood to erupt in flames. [demonic ancestry]
    40 | D:2      | Reached XP level 2. HP: 22/22 MP: 2/2
    99 | D:1      | Reached skill level 3 in Axes
   407 | D:1      | Reached XP level 3. HP: 27/27 MP: 3/3
  1018 | D:1      | Reached skill level 1 in Armour
  1612 | D:2      | Reached XP level 4. HP: 34/34 MP: 4/4
  2087 | D:3      | Reached skill level 4 in Axes
  2087 | D:3      | Gained mutation: Your demonic aura often causes spilled
                  | blood to erupt in flames. [demonic ancestry]
  2087 | D:3      | Reached XP level 5. HP: 11/39 MP: 6/6
  2089 | D:3      | Slain by an orc

Illustrated notes

Levels and vault maps discovered:
D:1:      lightli_arrival_flooded_house, layout_basic
D:2:      layout_loops_corners
D:3:      layout_loops_ring

Skill      XL: |  1  2  3  4 |
---------------+-------------+-----
Dodging        | 3 |  3.1
Axes           | 3 4 |  4.0
Armour         | 1 |  1.5
Fighting       | |  2.5
Throwing       | |  1.8
Stealth        | |  0.2
Spellcasting   | |  0.9

Action                     |  1- 3 |  4- 6 || total
---------------------------+-------+-------++-------
  Melee: War axe           |   122 |    56 ||   178
         Punch             |     2 |       ||     2
    Use: Potion            |       |     1 ||     1
   Stab: Sleeping          |       |     2 ||     2
 Armour: Leather armour    |    44 |    29 ||    73
  Dodge: Dodged            |   115 |    32 ||   147

Table legend: (Time is in decaauts)
 A = Elapsed time spent in this place.
 B = Non-inter-level travel time spent in this place.
 C = Inter-level travel time spent in this place.
 D = Time resting spent in this place.
 E = Time spent auto-exploring this place.
 F = Levels seen in this place.
 G = Mean time per level.
                   A        B        C        D        E       F      G
               +--------+--------+--------+--------+--------+-----+--------+
         Total |   2147 |   2104 |     43 |      0 |   1597 |   3 |  715.7 |
       Dungeon |   2147 |   2104 |     43 |      0 |   1597 |   3 |  715.7 |
               +--------+--------+--------+--------+--------+-----+--------+

Top non-repeatable levels by time:
     D:1: 1040 daAuts
     D:2: 772 daAuts
     D:3: 335 daAuts
